 Dungeon Crawl Stone Soup version 0.23.2-1-ga50397a (webtiles) character file.

Game seed: 3480788196161252309

26 Drilltosky the Insei (level 3, -5/23 HPs)
             Began as an Octopode Transmuter on May 14, 2019.
             Slain by a gnoll
             ... wielding a +0 whip
              (10 damage)
             ... on level 2 of the Dungeon.
             The game lasted 00:04:21 (1241 turns).

Drilltosky the Insei (Octopode Transmuter)          Turns: 1241, Time: 00:04:22

Health: -5/23      AC:  1    Str:  9    XL:     3   Next: 8%
Magic:  5/6        EV: 13    Int: 15    God:
Gold:   52         SH:  0    Dex: 13    Spells: 3/6 levels left

rFire    . . .     SeeInvis .     - Unarmed
rCold    . . .     Gourm    .   (no shield)
rNeg     + . .     Faith    .   (helmet restricted)
rPois    .         Spirit   .   (no amulet)
rElec    .         Reflect  .   k - ring of positive energy
rCorr    .         Harm     .   (no ring)
MR       .....                  (no ring)
Stlth    ++........             (no ring)
HPRegen  0.07/turn              (no ring)
MPRegen  0.10/turn              (no ring)
                                (no ring)
                                (no ring)

@: very slightly contaminated
A: almost no armour, stealthy swim, amphibious, 8 rings, constrict 8, camouflage
1, gelatinous body 1
a: no special abilities


You were on level 2 of the Dungeon.
You were not hungry.

You visited 1 branch of the dungeon, and saw 2 of its levels.

You collected 52 gold pieces.

Inventory:

Missiles
 a - 26 arrows
 b - 6 poisoned needles
Armour
 d - a +2 ring mail of poison resistance
Jewellery
 k - a ring of positive energy (left tentacle)
Scrolls
 e - a scroll of fear {unknown}
 h - a scroll of enchant armour {unknown}
 i - 2 scrolls of identify {unknown}
 j - a scroll of remove curse {unknown}
Potions
 f - a potion of heal wounds {unknown}
 g - 2 potions of brilliance {unknown}
Comestibles
 c - 3 rations
 l - 4 chunks of flesh


   Skills:
 - Level 1.0 Fighting
 - Level 2.0 Dodging
 + Level 3.8 Unarmed Combat
 - Level 2.0 Spellcasting
 + Level 2.3 Transmutations


You had 3 spell levels left.
You knew the following spells:

 Your Spells              Type           Power        Failure   Level  Hunger
a - Beastly Appendage     Tmut           #.....       9%          1    #......
b - Sticks to Snakes      Tmut           #.......     13%         2    ###....

Your spell library contained the following spells:

 Spells                   Type           Power        Failure   Level  Hunger
 Spider Form              Tmut/Pois      #.........   38%         3    ###....
 Ice Form                 Ice/Tmut       #.......     80%         4    #####..
 Blade Hands              Tmut           #.........   93%         5    ######.


Dungeon Overview and Level Annotations

Branches:
Dungeon (2/15)

Altars:


Innate Abilities, Weirdness & Mutations

You cannot wear most types of armour.
You are very stealthy in the water. (Stealth+)
You are amphibious.
You can wear up to eight rings at the same time.
You can use your tentacles to constrict eight enemies at once.
Your skin changes colour to match your surroundings (Stealth+).
Your rubbery body absorbs attacks. (AC +1, EV +1)


Message History

You butcher the rat corpse.
l - 4 chunks of flesh (gained 1)
You see here a rat skeleton. 2 gnolls come into view.
The gnoll shouts! x2; You hear a shout!
Casting: Beastly Appendage (safe; 9% risk of failure)
Confirm with . or Enter, or press ? or * to list all spells.
You miscast Beastly Appendage.
You are very lightly contaminated with residual magic.
Your tentacles glow momentarily.
The gnoll misses you.
A gnoll comes into view. It is wielding a +0 club.
The gnoll hits you from afar with a +0 spear.
The gnoll hits you with a +0 whip! The gnoll hits you with a +0 whip!
* * * LOW HITPOINT WARNING * * *
The gnoll misses you.
You tentacle-slap the gnoll. Your grab misses the gnoll.
The gnoll is moderately wounded.
The gnoll hits you with a +0 whip!
You die...

##...## ##.....## ###
##..?....## ##<##
#.........####...#.#
+.........'........#
#.........####........#
##..........###.##.##.#
##....รท###.# #.# .# #
#####..@####.###.# #
#.......gg.....#.#
#......g.##.##[#..
#..##.##.# .### #..#..
#.. # .... ..#. ..#..
.##.. #..## # .. .. #.#


You could see 3 gnolls.

Vanquished Creatures
  An ooze (D:1)
  2 goblins (D:1)
  4 hobgoblins (D:1)
  8 kobolds (D:1)
  7 rats
22 creatures vanquished.

Notes
Turn   | Place    | Note
-------+----------+-------------------------------------------
     0 | D:1      | Drilltosky the Octopode Transmuter began the quest for the
                  | Orb.
     0 | D:1      | Reached XP level 1. HP: 13/13 MP: 3/3
    84 | D:1      | Reached XP level 2. HP: 15/18 MP: 3/5
   526 | D:1      | Learned a level 2 spell: Sticks to Snakes
   853 | D:1      | Reached XP level 3. HP: 12/23 MP: 4/6
  1241 | D:2      | Slain by a gnoll

Action                   || total
-------------------------++-------
Melee: Unarmed           ||    43
       Constrict         ||    13
       Punch             ||     5
       Kick              ||     7
       Tentacles         ||     3
 Cast: Beastly Appendage ||     9
       Sticks to Snakes  ||     2
  Eat: Chunk             ||     1
Dodge: Dodged            ||    22
